General information
- name: BNet
- type: Ladder team game (AT/RT)
- host: Battle.net
- saver: whalecusinvisit
map: MarketSquare
- players: 8
- length: 47:11
- speed: Fast
- version: 1.28 W3XP
- replay type: Public
» download(365 KB)
Players
team 1 (winner)

»
fizz.de (
pink | 94 APM | 3363 actions | 35:41)
6 Archmage
3 Summon Water Elemental
2 Brilliance Aura
1 Mass Teleport
4 Mountain King
2 Storm Bolt
2 Bash
» actions
| Assign group hotkey | 149 | |
| Basic commands | 80 | |
| Build / train | 172 | |
| ESC pressed | 5 | |
| Enter build submenu | 49 | |
| Enter hero's abilities submenu | 10 | |
| Give item / drop item | 4 | |
| Right click | 1095 | |
| Select / deselect | 946 | |
| Select group hotkey | 572 | |
| Use ability | 280 | |
3363 total
» units
| Peasant | 25 | |
| Footman | 9 | |
| Rifleman | 7 | |
| Gryphon Rider | 14 | |
| Dragonhawk Rider | 7 | |
| Siege Engine | 1 | |
63 total
» upgrades
| Masonry | 3 | |
| Defend | 1 | |
| Lumber Harvesting | 2 | |
| Gunpowder | 1 | |
| Long Rifles | 1 | |
| Swords | 3 | |
| Storm Hammers | 1 | |
| Animal War Training | 1 | |
| Cloud | 1 | |
| Armor | 3 | |
| Barrage | 1 | |
18 total
» buildings
| Altar of Kings | 1 | |
| Farm | 15 | |
| Barracks | 1 | |
| Lumber Mill | 2 | |
| Scout Tower | 15 | |
| Arcane Tower | 6 | |
| Town Hall | 4 | |
| Guard Tower | 16 | |
| Keep | 2 | |
| Arcane Vault | 2 | |
| Blacksmith | 1 | |
| Castle | 2 | |
| Gryphon Aviary | 2 | |
| Workshop | 2 | |
71 total
» build order
00:26 Altar of Kings
00:40 Farm
00:56 Barracks
01:03 Farm
01:30 Lumber Mill
01:36 Lumber Mill
02:08 Farm
02:37 Scout Tower
02:39 Scout Tower
02:46 Farm
03:05 Arcane Tower
03:05 Arcane Tower
03:06 Arcane Tower
03:09 Arcane Tower
03:10 Arcane Tower
04:17 Town Hall
04:33 Town Hall
05:17 Scout Tower
05:20 Scout Tower
05:21 Scout Tower
05:22 Scout Tower
05:25 Scout Tower
06:16 Arcane Tower
06:17 Guard Tower
06:35 Scout Tower
06:37 Scout Tower
06:52 Scout Tower
06:54 Scout Tower
06:56 Scout Tower
07:04 Keep
07:04 Keep
07:12 Guard Tower
07:13 Guard Tower
07:13 Guard Tower
07:39 Guard Tower
07:39 Guard Tower
07:48 Farm
07:50 Farm
07:58 Guard Tower
07:58 Guard Tower
08:16 Arcane Vault
08:22 Guard Tower
08:40 Scout Tower
08:42 Scout Tower
08:52 Blacksmith
09:09 Guard Tower
09:10 Guard Tower
09:10 Guard Tower
10:11 Farm
10:50 Farm
11:45 Castle
11:45 Castle
12:41 Farm
13:08 Farm
13:10 Farm
13:17 Farm
13:21 Gryphon Aviary
13:22 Gryphon Aviary
13:34 Arcane Vault
22:31 Farm
22:32 Farm
22:36 Farm
30:08 Workshop
30:09 Workshop
30:18 Town Hall
30:22 Town Hall
32:24 Scout Tower
32:51 Guard Tower
» items
| Scroll of Regeneration | 8 | |
| Potion of Healing | 3 | |
| Boots of Speed | 2 | |
| Circlet of Nobility | 2 | |
| Scroll of Town Portal | 5 | |
| Potion of Lesser Invulnerability | 1 | |
| Orb of Fire | 1 | |
22 total

»
warriors (
orange | 28 APM | 1024 actions | 36:12)
5 Blademaster
3 Wind Walk
2 Critical Strike
» actions
| Basic commands | 5 | |
| Build / train | 59 | |
| Enter build submenu | 29 | |
| Enter hero's abilities submenu | 6 | |
| Give item / drop item | 3 | |
| Right click | 504 | |
| Select / deselect | 354 | |
| Use ability | 64 | |
1024 total
» units
| Peon | 20 | |
| Grunt | 2 | |
| Troll Headhunter/Berserker | 19 | |
41 total
» upgrades
| Ranged Weapons | 2 | |
| Armor | 2 | |
| Troll Regeneration | 1 | |
5 total
» buildings
| Altar of Storms | 1 | |
| Orc Burrow | 14 | |
| Barracks | 2 | |
| War Mill | 2 | |
| Voodoo Lounge | 1 | |
| Stronghold | 2 | |
| Fortress | 2 | |
| Watch Tower | 2 | |
| Great Hall | 3 | |
29 total
» build order
00:17 Altar of Storms
00:41 Orc Burrow
00:56 Barracks
01:59 Orc Burrow
02:20 War Mill
02:40 War Mill
02:57 Orc Burrow
04:03 Voodoo Lounge
04:06 Stronghold
04:42 Barracks
05:15 Orc Burrow
06:23 Orc Burrow
07:53 Orc Burrow
08:37 Fortress
08:56 Orc Burrow
09:28 Watch Tower
09:43 Watch Tower
12:10 Great Hall
15:21 Great Hall
20:30 Stronghold
20:40 Orc Burrow
20:47 Orc Burrow
20:56 Orc Burrow
21:59 Orc Burrow
22:55 Fortress
23:08 Orc Burrow
26:00 Great Hall
29:16 Orc Burrow
31:02 Orc Burrow
» items
| Orb of Fire | 1 | |
| Orb of Lightning | 1 | |
| Potion of Healing | 1 | |
3 total

»
4v4god (
purple | 86 APM | 3092 actions | 36:07)
7 Blademaster
3 Wind Walk
3 Critical Strike
1 Bladestorm
4 Shadow Hunter
2 Hex
2 Healing Wave
7 Tauren Chieftain
3 War Stomp
3 Endurance Aura
1 Reincarnation
» actions
| Assign group hotkey | 69 | |
| Basic commands | 27 | |
| Build / train | 137 | |
| Enter build submenu | 37 | |
| Enter hero's abilities submenu | 19 | |
| Give item / drop item | 5 | |
| Remove unit from queue | 1 | |
| Right click | 1635 | |
| Select / deselect | 635 | |
| Select group hotkey | 257 | |
| Use ability | 270 | |
3092 total
» units
| Peon | 20 | |
| Wind Rider | 12 | |
| Shaman | 2 | |
| Troll Witch Doctor | 1 | |
| Kodo Beast | 1 | |
| Spirit Walker | 1 | |
37 total
» upgrades
| Reinforced Defenses | 1 | |
| Envenomed Spears | 1 | |
| Ranged Weapons | 3 | |
| Armor | 3 | |
| Liquid Fire | 1 | |
| War Drums Damage Increase | 1 | |
| Shaman Training | 2 | |
| Witch Doctor Training | 2 | |
| Spirit Walker Training | 2 | |
16 total
» buildings
| Altar of Storms | 1 | |
| Orc Burrow | 8 | |
| Voodoo Lounge | 1 | |
| War Mill | 2 | |
| Stronghold | 1 | |
| Watch Tower | 24 | |
| Beastiary | 3 | |
| Fortress | 2 | |
| Great Hall | 4 | |
| Spirit Lodge | 2 | |
48 total
» build order
00:08 Altar of Storms
00:21 Orc Burrow
01:07 Voodoo Lounge
01:38 War Mill
02:40 Stronghold
02:44 War Mill
03:19 Orc Burrow
03:24 Watch Tower
03:28 Watch Tower
03:32 Watch Tower
04:46 Watch Tower
04:48 Watch Tower
05:09 Beastiary
05:56 Fortress
05:56 Fortress
06:03 Beastiary
07:08 Orc Burrow
07:09 Orc Burrow
11:29 Watch Tower
11:30 Watch Tower
11:33 Watch Tower
11:34 Watch Tower
11:55 Watch Tower
12:41 Great Hall
12:45 Watch Tower
13:01 Watch Tower
13:09 Watch Tower
13:52 Watch Tower
14:39 Orc Burrow
14:44 Orc Burrow
16:00 Beastiary
16:57 Spirit Lodge
16:58 Spirit Lodge
19:04 Orc Burrow
19:05 Orc Burrow
19:22 Watch Tower
19:24 Watch Tower
22:38 Great Hall
25:27 Great Hall
27:03 Watch Tower
27:03 Watch Tower
27:04 Watch Tower
27:06 Watch Tower
29:28 Great Hall
29:31 Watch Tower
29:31 Watch Tower
29:54 Watch Tower
» items
| Healing Salve | 9 | |
| Lesser Clarity Potion | 10 | |
| Boots of Speed | 1 | |
| Orb of Lightning | 2 | |
| Scroll of Town Portal | 4 | |
| Scroll of Speed | 1 | |
| Scroll of Protection | 2 | |
| Scroll of Healing | 4 | |
| Potion of Lesser Invulnerability | 2 | |
35 total
whalecusinvisit (
red | 129 APM | 6093 actions | 47:11)
7 Archmage
3 Summon Water Elemental
3 Brilliance Aura
1 Mass Teleport
3 Mountain King
2 Storm Bolt
1 Bash
» actions
| Assign group hotkey | 129 | |
| Basic commands | 278 | |
| Build / train | 230 | |
| ESC pressed | 14 | |
| Enter build submenu | 51 | |
| Enter hero's abilities submenu | 11 | |
| Give item / drop item | 6 | |
| Right click | 2039 | |
| Select / deselect | 987 | |
| Select group hotkey | 1964 | |
| Use ability | 384 | |
6093 total
» units
| Peasant | 14 | |
| Footman | 5 | |
| Rifleman | 15 | |
| Priest | 6 | |
| Sorceress | 8 | |
| Spell Breaker | 5 | |
| Dragonhawk Rider | 3 | |
| Gryphon Rider | 3 | |
59 total
» upgrades
| Masonry | 3 | |
| Gunpowder | 3 | |
| Long Rifles | 1 | |
| Armor | 3 | |
| Lumber Harvesting | 2 | |
| Plating | 3 | |
| Priest Training | 2 | |
| Sorceress Training | 2 | |
| Swords | 3 | |
| Control Magic | 1 | |
| Cloud | 1 | |
| Storm Hammers | 1 | |
25 total
» buildings
| Altar of Kings | 1 | |
| Barracks | 1 | |
| Farm | 13 | |
| Lumber Mill | 1 | |
| Arcane Vault | 1 | |
| Scout Tower | 21 | |
| Arcane Tower | 5 | |
| Guard Tower | 52 | |
| Blacksmith | 1 | |
| Keep | 5 | |
| Town Hall | 3 | |
| Castle | 3 | |
| Arcane Sanctum | 2 | |
| Gryphon Aviary | 4 | |
113 total
» build order
00:55 Altar of Kings
00:57 Barracks
00:59 Farm
01:06 Farm
01:12 Farm
01:34 Lumber Mill
01:50 Arcane Vault
02:12 Farm
02:45 Scout Tower
02:49 Scout Tower
03:16 Arcane Tower
03:16 Arcane Tower
03:20 Guard Tower
03:46 Blacksmith
04:26 Scout Tower
04:29 Scout Tower
04:31 Scout Tower
04:32 Scout Tower
04:51 Keep
04:51 Keep
04:51 Keep
04:52 Keep
05:08 Guard Tower
05:08 Guard Tower
05:21 Guard Tower
05:22 Guard Tower
06:16 Town Hall
07:53 Guard Tower
07:53 Guard Tower
08:34 Scout Tower
09:39 Guard Tower
09:39 Guard Tower
09:49 Farm
11:08 Castle
11:08 Castle
11:09 Castle
12:27 Arcane Sanctum
12:34 Scout Tower
12:35 Scout Tower
13:28 Arcane Sanctum
13:44 Scout Tower
13:45 Scout Tower
13:47 Scout Tower
14:42 Guard Tower
14:54 Guard Tower
14:54 Guard Tower
14:54 Guard Tower
14:55 Guard Tower
15:34 Guard Tower
18:07 Farm
18:08 Farm
18:12 Farm
18:14 Farm
18:17 Farm
18:22 Scout Tower
19:07 Guard Tower
19:08 Guard Tower
19:08 Guard Tower
20:15 Gryphon Aviary
20:57 Guard Tower
20:57 Guard Tower
20:58 Guard Tower
21:03 Guard Tower
21:03 Guard Tower
21:47 Scout Tower
22:42 Guard Tower
22:42 Guard Tower
22:43 Guard Tower
22:43 Guard Tower
24:01 Guard Tower
24:02 Guard Tower
24:02 Guard Tower
24:14 Guard Tower
24:14 Guard Tower
24:14 Guard Tower
24:25 Farm
24:26 Farm
27:33 Gryphon Aviary
28:07 Gryphon Aviary
28:08 Farm
29:19 Gryphon Aviary
29:49 Scout Tower
29:50 Scout Tower
29:52 Scout Tower
31:45 Town Hall
31:47 Scout Tower
31:48 Scout Tower
31:49 Scout Tower
31:50 Scout Tower
32:27 Guard Tower
32:28 Guard Tower
33:45 Guard Tower
33:45 Guard Tower
33:46 Guard Tower
33:46 Guard Tower
45:05 Town Hall
» items
| Scroll of Regeneration | 9 | |
| Lesser Clarity Potion | 2 | |
| Potion of Lesser Invulnerability | 1 | |
| Periapt of Vitality | 1 | |
| Boots of Speed | 1 | |
| Scroll of Protection | 2 | |
| Orb of Lightning | 1 | |
| Staff of Sanctuary | 1 | |
| Scroll of Town Portal | 5 | |
| Potion of Healing | 2 | |
| Ivory Tower | 4 | |
| Potion of Mana | 1 | |
| Staff of Teleportation | 1 | |
31 total
team 2 (loser)

»
ThugMasTeR (
yellow | 55 APM | 2563 actions | 46:47)
7 Blademaster
2 Wind Walk
3 Critical Strike
1 Bladestorm
1 Mirror Image
5 Tauren Chieftain
3 Endurance Aura
2 War Stomp
2 Shadow Hunter
1 Hex
1 Healing Wave
» actions
| Assign group hotkey | 40 | |
| Build / train | 105 | |
| Enter build submenu | 21 | |
| Enter hero's abilities submenu | 14 | |
| Give item / drop item | 1 | |
| Right click | 1194 | |
| Select / deselect | 629 | |
| Select group hotkey | 413 | |
| Use ability | 146 | |
2563 total
» units
| Peon | 15 | |
| Troll Headhunter/Berserker | 19 | |
| Troll Witch Doctor | 4 | |
| Spirit Walker | 2 | |
| Troll Batrider | 5 | |
| Shaman | 2 | |
| Tauren | 4 | |
51 total
» upgrades
| Ranged Weapons | 5 | |
| Armor | 5 | |
| Troll Regeneration | 1 | |
| Shaman Training | 1 | |
| Witch Doctor Training | 3 | |
| Berserker Upgrade | 1 | |
| Reinforced Defenses | 1 | |
| Spirit Walker Training | 2 | |
| Liquid Fire | 1 | |
20 total
» buildings
| Altar of Storms | 1 | |
| Orc Burrow | 10 | |
| War Mill | 1 | |
| Voodoo Lounge | 1 | |
| Barracks | 2 | |
| Stronghold | 1 | |
| Spirit Lodge | 1 | |
| Watch Tower | 2 | |
| Fortress | 1 | |
| Necropolis | 1 | |
| Halls of the Dead | 1 | |
| Ziggurat | 2 | |
24 total
» build order
00:12 Altar of Storms
00:15 Orc Burrow
01:20 War Mill
01:25 Voodoo Lounge
01:44 Barracks
02:02 Orc Burrow
03:19 Stronghold
04:02 Barracks
04:52 Orc Burrow
04:57 Orc Burrow
07:45 Orc Burrow
07:54 Orc Burrow
08:01 Orc Burrow
08:06 Orc Burrow
08:49 Spirit Lodge
11:11 Watch Tower
11:35 Fortress
12:02 Watch Tower
13:28 Orc Burrow
13:33 Orc Burrow
36:52 Necropolis
36:57 Halls of the Dead
37:12 Ziggurat
37:26 Ziggurat
» items
| Healing Salve | 6 | |
| Scroll of Speed | 4 | |
| Boots of Speed | 1 | |
| Orb of Lightning | 3 | |
14 total
Kazakhstan (
teal | 66 APM | 1762 actions | 26:44)
5 Death Knight
3 Death Coil
2 Unholy Aura
2 Lich
1 Frost Nova
1 Frost Armor
» actions
| Assign group hotkey | 72 | |
| Build / train | 69 | |
| Enter build submenu | 27 | |
| Enter hero's abilities submenu | 7 | |
| Give item / drop item | 1 | |
| Right click | 800 | |
| Select / deselect | 378 | |
| Select group hotkey | 335 | |
| Use ability | 73 | |
1762 total
» units
| Acolyte | 13 | |
| Ghoul | 5 | |
| Crypt Fiend | 8 | |
| Gargoyle | 4 | |
| Frost Wyrm | 6 | |
36 total
» upgrades
| Web | 1 | |
| Freezing Breath | 1 | |
| Creature Attack | 2 | |
| Creature Carapace | 1 | |
5 total
» buildings
| Altar of Darkness | 1 | |
| Ziggurat | 15 | |
| Crypt | 1 | |
| Graveyard | 1 | |
| Nerubian Tower | 4 | |
| Tomb of Relics | 2 | |
| Halls of the Dead | 1 | |
| Sacrificial Pit | 1 | |
| Black Citadel | 1 | |
| Necropolis | 1 | |
| Boneyard | 2 | |
| Spirit Tower | 3 | |
33 total
» build order
00:09 Altar of Darkness
00:12 Ziggurat
00:33 Crypt
00:59 Graveyard
01:17 Ziggurat
01:23 Nerubian Tower
01:23 Nerubian Tower
02:19 Tomb of Relics
03:25 Ziggurat
04:03 Halls of the Dead
05:19 Ziggurat
06:24 Sacrificial Pit
06:28 Ziggurat
06:59 Nerubian Tower
07:55 Black Citadel
08:02 Ziggurat
10:32 Necropolis
10:55 Boneyard
10:59 Boneyard
12:20 Ziggurat
12:22 Ziggurat
12:24 Ziggurat
13:38 Spirit Tower
13:50 Ziggurat
13:51 Ziggurat
13:57 Spirit Tower
15:07 Ziggurat
15:11 Ziggurat
16:54 Spirit Tower
16:57 Ziggurat
16:58 Ziggurat
17:58 Nerubian Tower
18:03 Tomb of Relics
» items
| Dust of Appearance | 1 | |
| Scroll of Town Portal | 7 | |
| Orb of Corruption | 2 | |
10 total
DragonJerky (
green | 75 APM | 3527 actions | 47:09)
10 Blademaster
3 Wind Walk
3 Critical Strike
1 Bladestorm
3 Mirror Image
» actions
| Assign group hotkey | 65 | |
| Basic commands | 259 | |
| Build / train | 89 | |
| Enter build submenu | 65 | |
| Enter hero's abilities submenu | 10 | |
| Give item / drop item | 12 | |
| Remove unit from queue | 2 | |
| Right click | 1812 | |
| Select / deselect | 485 | |
| Select group hotkey | 470 | |
| Use ability | 258 | |
3527 total
» units
| Peon | 28 | |
| Grunt | 9 | |
| Troll Witch Doctor | 2 | |
| Troll Batrider | 3 | |
| Wind Rider | 7 | |
| Frost Wyrm | 2 | |
51 total
» upgrades
| Reinforced Defenses | 1 | |
| Ranged Weapons | 3 | |
| Armor | 4 | |
| Envenomed Spears | 1 | |
| Ensnare | 1 | |
| Pillage | 1 | |
| Witch Doctor Training | 2 | |
| Shaman Training | 2 | |
| Liquid Fire | 1 | |
16 total
» buildings
| Orc Burrow | 8 | |
| Altar of Storms | 1 | |
| Barracks | 1 | |
| Voodoo Lounge | 1 | |
| Stronghold | 1 | |
| War Mill | 2 | |
| Great Hall | 3 | |
| Fortress | 1 | |
| Watch Tower | 49 | |
| Spirit Lodge | 1 | |
| Beastiary | 4 | |
72 total
» build order
00:12 Orc Burrow
01:03 Orc Burrow
01:10 Altar of Storms
01:12 Barracks
02:06 Voodoo Lounge
02:52 Stronghold
04:23 War Mill
04:25 Orc Burrow
05:00 Great Hall
06:55 Fortress
06:59 Watch Tower
07:00 Watch Tower
07:00 Watch Tower
08:51 Watch Tower
08:52 Watch Tower
10:17 Watch Tower
10:17 Watch Tower
10:19 Watch Tower
10:19 Watch Tower
10:23 Watch Tower
10:24 Watch Tower
11:24 Watch Tower
11:25 Watch Tower
11:25 Watch Tower
12:09 Watch Tower
12:10 Watch Tower
12:11 Watch Tower
12:34 Spirit Lodge
14:46 Great Hall
14:50 Watch Tower
14:50 Watch Tower
14:51 Watch Tower
14:52 Watch Tower
15:16 War Mill
16:26 Beastiary
16:27 Beastiary
16:47 Beastiary
16:48 Beastiary
17:45 Watch Tower
17:45 Watch Tower
17:50 Watch Tower
17:53 Watch Tower
20:32 Watch Tower
20:33 Watch Tower
20:35 Watch Tower
20:35 Watch Tower
20:41 Watch Tower
20:41 Watch Tower
20:43 Watch Tower
20:43 Watch Tower
23:36 Watch Tower
23:36 Watch Tower
23:40 Watch Tower
23:41 Watch Tower
23:48 Orc Burrow
23:49 Orc Burrow
23:50 Orc Burrow
23:54 Orc Burrow
23:56 Orc Burrow
34:43 Great Hall
34:50 Watch Tower
34:50 Watch Tower
34:51 Watch Tower
34:51 Watch Tower
34:52 Watch Tower
34:52 Watch Tower
34:53 Watch Tower
34:53 Watch Tower
34:53 Watch Tower
34:54 Watch Tower
34:54 Watch Tower
34:55 Watch Tower
» items
| Healing Salve | 1 | |
| Periapt of Vitality | 1 | |
| Staff of Teleportation | 1 | |
| Scroll of Town Portal | 1 | |
| Orb of Lightning | 1 | |
| Tiny Great Hall | 1 | |
6 total

»
dancing (
blue | 85 APM | 2191 actions | 25:38)
7 Blademaster
3 Wind Walk
3 Critical Strike
1 Bladestorm
» actions
| Assign group hotkey | 43 | |
| Basic commands | 155 | |
| Build / train | 68 | |
| ESC pressed | 1 | |
| Enter build submenu | 22 | |
| Enter hero's abilities submenu | 7 | |
| Give item / drop item | 4 | |
| Remove unit from queue | 1 | |
| Right click | 1076 | |
| Select / deselect | 280 | |
| Select group hotkey | 400 | |
| Use ability | 134 | |
2191 total
» units
| Peon | 12 | |
| Raider | 7 | |
| Tauren | 5 | |
| Shaman | 3 | |
| Troll Batrider | 4 | |
31 total
» upgrades
| Pillage | 1 | |
| Armor | 1 | |
| Melee Weapons | 2 | |
| Ensnare | 1 | |
| Reinforced Defenses | 1 | |
| Shaman Training | 2 | |
| Pulverize | 1 | |
9 total
» buildings
| Altar of Storms | 1 | |
| Orc Burrow | 7 | |
| Voodoo Lounge | 1 | |
| Stronghold | 1 | |
| War Mill | 1 | |
| Beastiary | 2 | |
| Fortress | 1 | |
| Tauren Totem | 2 | |
| Spirit Lodge | 1 | |
| Watch Tower | 4 | |
| Great Hall | 1 | |
22 total
» build order
00:08 Altar of Storms
00:20 Orc Burrow
00:51 Voodoo Lounge
02:34 Stronghold
03:49 Orc Burrow
03:51 War Mill
04:58 Beastiary
05:01 Beastiary
06:13 Orc Burrow
07:07 Fortress
07:50 Orc Burrow
09:33 Orc Burrow
12:06 Tauren Totem
12:09 Tauren Totem
12:11 Spirit Lodge
14:52 Orc Burrow
15:09 Orc Burrow
18:28 Watch Tower
18:32 Great Hall
18:33 Watch Tower
18:34 Watch Tower
18:35 Watch Tower
» items
| Healing Salve | 3 | |
| Lesser Clarity Potion | 3 | |
| Circlet of Nobility | 2 | |
| Boots of Speed | 1 | |
| Scroll of Town Portal | 4 | |
| Orb of Lightning | 1 | |
| Scroll of Speed | 1 | |
| Potion of Lesser Invulnerability | 1 | |
| Potion of Healing | 1 | |
17 total
Chat log
(00:15 / Allies) whalecusinvisit: >?
(00:18 / Allies) fizz.de: unit
(00:24 / Allies) whalecusinvisit: yes
(04:06 / Allies) whalecusinvisit: shit scouting peon sees my expo
(04:41 / Allies) fizz.de: he saw me too
(07:01 / All) warriors: im massing grunts
(07:04 / All) dancing: k
(07:06 / All) Kazakhstan: nah mate
(07:18 / All) Kazakhstan: quit playing games with my heart
(09:01 / Allies) fizz.de: blue is annoying as shit
(09:34 / All) warriors: blue u lesbian
(09:53 / All) ThugMasTeR: run u fuckn hacker
(09:58 / All) 4v4god: lool
(10:05 / All) whalecusinvisit: says the known hacker
(11:54 / Allies) fizz.de: rebuild
(12:01 / Allies) warriors: l
(12:16 / Allies) whalecusinvisit: hit here in a sec
(12:20 / Allies) whalecusinvisit: gonna buy orb and boots
(14:24 / Allies) warriors: help
(14:30 / All) 4v4god: nice mh
(14:31 / All) 4v4god: lol
(15:10 / Allies) warriors: gold plz 100
(15:24 / Allies) warriors: ty
(16:00 / Allies) whalecusinvisit: hit together
(17:02 / All) warriors: fuck u blue u bitch
(17:07 / All) dancing: ur really noob
(17:12 / All) warriors: ill fuck u till u love me faggot
(17:18 / All) dancing: hmmmm
(17:25 / All) Kazakhstan: tyson taught me how to box
(17:30 / Allies) whalecusinvisit: lumber me if you can
(17:33 / All) Kazakhstan: i taught him how to take care of kittens
(17:49 / Allies) whalecusinvisit: spare some lumber man?
(17:51 / Allies) whalecusinvisit: you got lots
(17:54 / All) warriors: gold plz blue
(18:00 / All) dancing: im broke too
(18:00 / Allies) whalecusinvisit: ty
(18:10 / All) 4v4god: nice mh yellow
(18:14 / All) 4v4god: so obvious
(18:21 / All) ThugMasTeR: called wards asshole
(18:26 / All) whalecusinvisit: lol
(18:31 / All) ThugMasTeR: fuckn moron
(18:35 / All) whalecusinvisit: you're a hacker
(18:39 / All) whalecusinvisit: everyone knows by now
(18:42 / All) whalecusinvisit: }paid 50 bux for a mh
(18:45 / All) ThugMasTeR: im on wind xp xunt
(18:51 / All) ThugMasTeR: tell what scripts work
(18:56 / All) ThugMasTeR: fuckn retard
(19:25 / Allies) 4v4god: wood pls
(19:42 / All) warriors: blue help me rebuild
(20:09 / Allies) fizz.de: red pass the dutch
(20:47 / Allies) 4v4god: wood?
(21:29 / Allies) fizz.de: can we hit together
(21:39 / All) ThugMasTeR: lmfao
(21:42 / Allies) whalecusinvisit: b
(22:06 / Allies) 4v4god: b
(22:08 / Allies) 4v4god: w8
(22:15 / Allies) fizz.de: we cant win that fight
(22:21 / Allies) whalecusinvisit: yeah
(22:55 / All) dancing: this is truly 3v3 cause green wotn make units has likw 15k
(23:11 / Allies) fizz.de: yellow def hacks
(23:15 / Allies) fizz.de: he just ran over to me
(23:17 / All) DragonJerky: cocksucker
(23:30 / All) ThugMasTeR: 2 ez
(23:32 / All) ThugMasTeR: gg
(23:42 / All) warriors: easy when u hack
(23:43 / All) whalecusinvisit: not over yet hacker trash
(23:44 / All) 4v4god: nice hacks
(23:55 / All) dancing: whos hacking in this game lol
(23:59 / All) whalecusinvisit: yellow
(24:07 / All) warriors: ur boy yellow
(24:16 / All) 4v4god: owned
(24:18 / All) 4v4god: noob
(24:24 / All) 4v4god: leavve
(24:42 / All) 4v4god: all come niggers
(24:52 / All) DragonJerky: lawl
(24:54 / All) DragonJerky: I didn't notice
(24:55 / All) 4v4god: owned
(24:56 / All) DragonJerky: I used my tp
(25:04 / All) DragonJerky: we'll see fag
(25:20 / All) fizz.de: why does green have 2 xpo
(25:26 / All) dancing: he has 20k gold
(25:28 / All) dancing: not a single unit
(25:35 / All) dancing: im done peace
(25:37 / All) dancing: this kid is a faggot
(25:56 / All) 4v4god: gg
(25:58 / All) 4v4god: noobs
(26:02 / All) ThugMasTeR: stfu cunt
(26:08 / All) ThugMasTeR: 1v1 anytime
(26:09 / All) warriors: fuck u hack
(26:14 / All) ThugMasTeR: purp hackn trash
(26:19 / All) 4v4god: lool
(26:26 / All) ThugMasTeR: funny pussy
(26:33 / All) ThugMasTeR: that u need mh to play 4s?
(26:39 / All) 4v4god: micro hack
(26:50 / All) warriors: ur a bitch yellow
(26:55 / All) ThugMasTeR: cry noob
(26:58 / All) ThugMasTeR: im the best here
(27:00 / All) ThugMasTeR: by far
(27:04 / All) ThugMasTeR: rape any1 in 1s
(27:04 / All) warriors: get shit mixed!!!
(27:07 / All) whalecusinvisit: you're hacker trash
(27:08 / All) 4v4god: kappa
(27:09 / All) ThugMasTeR: sad cunts
(27:10 / All) whalecusinvisit: }nah
(27:12 / All) whalecusinvisit: you aren't
(27:24 / All) ThugMasTeR: 1v1?
(27:28 / All) ThugMasTeR: host a game
(27:28 / All) 4v4god: yea
(27:29 / All) 4v4god: pls
(27:29 / All) ThugMasTeR: any1
(27:30 / All) whalecusinvisit: I don't 1v1 hackers
(27:35 / All) whalecusinvisit: that's retarded
(27:36 / All) 4v4god: i own u with mh
(27:39 / All) ThugMasTeR: i dont hack asshole
(27:44 / All) whalecusinvisit: yes you do asshole
(27:45 / All) ThugMasTeR: if i did u think id play 4s
(27:46 / All) whalecusinvisit: quit denying bitch
(27:48 / All) whalecusinvisit: admit it
(27:52 / All) whalecusinvisit: lots of people hack in 4s, like you
(27:53 / All) ThugMasTeR: err...
(28:04 / All) warriors: yeah Thug bitch
(28:09 / All) 4v4god: leavve
(28:10 / All) 4v4god: owned
(28:15 / All) ThugMasTeR: nope
(28:18 / All) ThugMasTeR: i go afk now
(28:21 / All) ThugMasTeR: noobs
(28:24 / All) whalecusinvisit: you got raped lol
(28:25 / All) ThugMasTeR: better hide in 4s
(30:11 / Allies) whalecusinvisit: I need an expo asshole
(30:37 / Allies) 4v4god: wha u doing
(30:48 / Allies) whalecusinvisit: I NEED EXPO
(30:59 / Allies) 4v4god: u are dead
(30:59 / Allies) 4v4god: red
(31:08 / Allies) whalecusinvisit: you are
(31:09 / Allies) fizz.de: red is 12
(31:11 / Allies) warriors: red wtf
(31:47 / Allies) warriors: red wtf u r doing stop it
(32:05 / Allies) fizz.de: who cares
(32:06 / Allies) fizz.de: red is fag
(32:08 / Allies) fizz.de: who randomly tks
(32:21 / Allies) warriors: thats what im saying y tho
(32:43 / Allies) whalecusinvisit: you are so dead
(32:44 / Allies) whalecusinvisit: purp
(32:49 / Allies) 4v4god: nope
(32:51 / Allies) 4v4god: i got lots of gold
(32:51 / Allies) whalecusinvisit: yep
(32:59 / Allies) fizz.de: can we kill green
(33:06 / Allies) warriors: red u r a faggot
(33:07 / Allies) warriors: bitch
(33:19 / All) warriors: everyone hit red hes a bitch
(33:25 / All) whalecusinvisit: lol
(33:49 / All) warriors: hes a tker
(34:46 / All) whalecusinvisit: lol PURP MAKE WYVS AGAINST HAWKS AND RIFLES
(34:47 / All) whalecusinvisit: SMART
(35:47 / Allies) 4v4god: see red
(35:49 / Allies) 4v4god: u r dead now
(35:50 / Allies) 4v4god: loser
(35:51 / Allies) whalecusinvisit: nope
(36:10 / All) whalecusinvisit: raped
(36:43 / All) whalecusinvisit: still playin hacker?
(36:49 / All) whalecusinvisit: leave and save yourself the rape
(37:12 / All) whalecusinvisit: ty
(38:52 / All) whalecusinvisit: hacker down
(41:45 / All) ThugMasTeR: what a fuckn moron u are
(41:51 / All) whalecusinvisit: HACKER DOWN
(41:51 / All) DragonJerky: who
(41:52 / All) whalecusinvisit: HACKER DOWN
(41:53 / All) whalecusinvisit: WOOOOOO
(42:09 / All) ThugMasTeR: u asshole
(42:13 / All) whalecusinvisit: HACKER DOWN
(42:15 / All) whalecusinvisit: OUT, HACKER!
(42:16 / All) whalecusinvisit: YOU LOSE!
(42:22 / All) ThugMasTeR: i go afk
(42:27 / All) ThugMasTeR: could care less noob
(42:29 / All) DragonJerky: that's a little rude
(42:36 / All) ThugMasTeR: bye cuntds
(42:39 / All) whalecusinvisit: raped
(42:42 / All) whalecusinvisit: your cunt
(42:45 / All) ThugMasTeR: have fun by yourselves
(42:50 / All) whalecusinvisit: we're having fun with you
(42:55 / All) whalecusinvisit: we're raping you lol
(43:12 / All) whalecusinvisit: My mk has +41 damage
(43:18 / All) whalecusinvisit: but it kept getting focused all game
(43:20 / All) DragonJerky: he went "afk"
(43:26 / All) DragonJerky: he's controlling the acos lol
(43:30 / All) DragonJerky: to attack the tower
(43:35 / All) whalecusinvisit: and I was always slow to staff, I would manage at last sec but the latency would stop it
(45:08 / All) DragonJerky: finish blue and yellow bases
(45:19 / All) whalecusinvisit: k
(46:50 / All) DragonJerky: lol
(46:53 / All) whalecusinvisit: raped
(46:57 / All) whalecusinvisit: thugmaster lose IMO
(46:59 / All) DragonJerky: hmm
(47:01 / All) DragonJerky: yes
(47:02 / All) DragonJerky: and blue
(47:05 / All) DragonJerky: He insulted me